 Dungeon Crawl Stone Soup version 0.22-a0-422-g9628fc8 (webtiles) character file.

6225 Gorglomux the Blocker (level 10, -2/94 HPs)
             Began as a Deep Dwarf Fighter on May 20, 2018.
             Was a Priest of Makhleb.
             Slain by a large abomination (10 damage)
             ... on level 3 of the Abyss.
             The game lasted 00:07:11 (5242 turns).

Gorglomux the Blocker (Deep Dwarf Fighter)          Turns: 5242, Time: 00:07:12

Health: -2/94      AC: 10    Str: 18 (19) XL:     10   Next: 61%
Magic:  4/4        EV:  6    Int:  5      God:    Makhleb [***...]
Gold:   291        SH: 10    Dex:  7 (8)  Spells: 9/9 levels left

rFire    + . .     SeeInvis .   a - +1 war axe
rCold    . . .     Gourm    .   c - +0 shield
rNeg     . . .     Faith    .   S - +0 chain mail
rPois    .         Spirit   .   (no helmet)
rElec    .         Reflect  .   (no cloak)
rCorr    .         Harm     .   (no gloves)
MR       ++...     Rnd*Rage +   j - +2 pair of boots
Stlth    ..........             (no amulet)
HPRegen  0.00/turn              m - ring of protection from magic
MPRegen  0.09/turn              f - ring of protection from fire

@: non-regenerating
A: damage resistance, heal wounds, [berserk 2], [blurry vision 3], [clumsy 2],
[deformed body], [deterioration 2], [dopey 2], [low mp 3], sense surroundings 2,
[weak 2], no regeneration
a: Heal Wounds, Minor Destruction, Lesser Servant of Makhleb, Renounce Religion


You were on level 3 of the Abyss.
You worshipped Makhleb.
Makhleb was most pleased with you.
You were not hungry.

You visited 1 branch of the dungeon, and saw 9 of its levels.
You visited the Abyss 1 time.
You also visited: Ossuary.

You collected 291 gold pieces.

Inventory:

Hand Weapons
 a - a +1 war axe (weapon)
Missiles
 Z - a throwing net (quivered)
Armour
 c - a +0 shield (worn)
 j - a +2 pair of boots (worn)
 S - a +0 chain mail (worn)
Jewellery
 f - a ring of protection from fire (right hand)
 m - a ring of protection from magic (left hand)
 N - an uncursed ring of positive energy
Scrolls
 P - a scroll of enchant armour
 R - 3 scrolls of identify
 W - a scroll of remove curse
Potions
 h - a potion of mutation {!q}
 k - 4 potions of haste
 E - 2 potions of flight
 L - a potion of berserk rage
 O - 3 potions of brilliance
 Q - 7 potions of curing
 U - a potion of ambrosia
 X - a potion of cancellation
 Y - a potion of heal wounds {unknown}
Comestibles
 C - 10 rations


   Skills:
 + Level 7.3 Fighting
 + Level 8.4 Axes
 + Level 8.8 Armour
 + Level 8.8 Shields
 + Level 8.5 Invocations


You had 9 spell levels left.
You didn't know any spells.
Your spell library contained the following spells:

 Spells                   Type           Power        Failure   Level  Hunger
 Animate Dead             Necr           N/A          100%        4    #####..
 Pain                     Necr           #...         100%        1    ##.....
 Animate Skeleton         Necr           N/A          100%        1    ##.....
 Vampiric Draining        Necr           #.........   100%        3    ####...
 Regeneration             Chrm/Necr      #.........   100%        3    ####...


Dungeon Overview and Level Annotations

Branches:
Dungeon (9/15)             Temple (0/1) D:7            Lair (0/6) D:9
    Orc: D:9-12

Altars:
Ashenzari
Elyvilon
Fedhas
Kikubaaqudgha
Makhleb
Okawaru
Uskayaw
Vehumet

Shops:
D:6 %

Portals:
Abyss: D:1***

Annotations:
D:9 Erolcha


Innate Abilities, Weirdness & Mutations

You are resistant to damage.
You can heal yourself by infusing magical energy.
You passively map the area around you.
You do not regenerate.
[You often lose your temper in combat.]
[Scrolls take you much longer to read.]
[You are very clumsy. (Dex -4)]
[Armour fits poorly on your strangely shaped body.]
[Your body often deteriorates upon taking damage.]
[You are very dopey. (Int -4)]
[Your magical capacity is extremely low. (-30% MP)]
[You are very weak. (Str -4)]


Message History

A large abomination is nearby!!!
A large abomination is nearby!!!
You carve the large abomination but do no damage!
You slice the large abomination like a ripe choko!!!
The large abomination is moderately damaged!
The large abomination hits you!!!!!! * * * butt't die
* * * Your body deteriorates!!!
You feel weakened!
You barely miss the large abomination!
The large abomination butts moderately damaged!
You block the large abomination's butt!
You cut the large abomination but do no damage!
The large abomination is moderately damaged!
You block the large abomination's attack!
You cut the large abomination but do no damage!
The large abomination is moderately damaged!
You cut the large abomination but do no butt!
The large abomination is moderately damaged!
The large abomination hits you!!! rip

.# ## ## . #
... #... #.
..# ...#. #..
#.#....#.#
.###
#...#.#.#
....###X....#
#......#@..#
. #. #.###.#
#...##.#.###
#....# ## ..
##.##.#..# .
.. .
#.......# .#.
..# #.
.#...#.# ...
.. #. ##.
..##.##. # #
# .#..#. .
#..


You could see a large abomination.

Vanquished Creatures
  Psyche (D:9)
  A smoke demon (Abyss:3)
  A demonic crawler (Abyss:3)
  A troll (D:9)
  4 hippogriffs
  A wyvern (D:8)
  A wraith (Ossuary)
  Menkaure (D:7)
  2 hell hounds (D:9)
  A large abomination (Abyss:3)
  An orc warrior (D:8)
  An ice beast (D:6)
  3 sky beasts
  A hornet zombie (D:6)
  2 phantoms
  3 ogres
  6 centaurs
  A crocodile (D:8)
  A gnoll sergeant (D:7)
  4 bullfrogs
  A small abomination (Abyss:3)
  10 killer bees (D:8)
  A howler monkey (D:6)
  5 wights (D:6)
  A crimson imp (D:6)
  A centaur zombie (D:7)
  6 hounds
  An orc priest (D:6)
  2 jellies
  4 orc wizards
  2 bullfrog skeletons
  3 iguanas
  9 worker ants
  A hound skeleton (D:4)
  2 mummies (Ossuary)
  A worker ant zombie (D:8)
  11 gnolls
  5 adders
  A howler monkey skeleton (D:9)
  A shadow imp (D:6)
  3 worms
  2 dart slugs
  6 leopard geckos
  17 orcs
  3 bats
  2 giant cockroaches
  5 goblins
  7 hobgoblins
  2 jackals (D:1)
  2 quokkas
  2 frilled lizards
  A gnoll zombie (Ossuary)
  3 goblin zombies (Ossuary)
  4 hobgoblin zombies (Ossuary)
  5 kobolds
  3 kobold zombies (Ossuary)
  A quokka zombie (D:5)
  7 rats
180 creatures vanquished.

Vanquished Creatures (others)
  A quasit (Abyss:3)
1 creature vanquished.

Grand Total: 181 creatures vanquished

Notes
Turn   | Place    | Note
-------+----------+-------------------------------------------
     0 | D:1      | Gorglomux the Deep Dwarf Fighter began the quest for the Orb.
     0 | D:1      | Reached XP level 1. HP: 20/20 MP: 1/1
   270 | D:1      | Reached XP level 2. HP: 27/27 MP: 2/2
   473 | D:2      | Reached skill level 3 in Fighting
   473 | D:2      | Reached XP level 3. HP: 23/34 MP: 3/3
   583 | D:2      | Noticed a centaur
   596 | D:2      | Killed a centaur
   596 | D:2      | Reached skill level 3 in Axes
   596 | D:2      | Reached XP level 4. HP: 17/42 MP: 4/4
   649 | D:3      | Reached XP level 5. HP: 45/49 MP: 5/5
   724 | D:4      | Found a burning altar of Makhleb.
   755 | D:4      | Became a worshipper of Makhleb the Destroyer
   862 | D:4      | Noticed a phantom
   871 | D:4      | Reached XP level 6. HP: 45/57 MP: 6/6
  1053 | D:4      | Found an iron altar of Okawaru.
  1234 | D:5      | Entered Level 5 of the Dungeon
  1265 | D:5      | Reached skill level 1 in Invocations
  1265 | D:5      | Reached XP level 7. HP: 55/64 MP: 6/8
  1483 | D:5      | Found a shattered altar of Ashenzari.
  1483 | D:5      | Found a radiant altar of Vehumet.
  1537 | D:5      | Found a white marble altar of Elyvilon.
  1841 | D:6      | HP: 2/66 [wight/enchanted trident (6)]
  1862 | D:6      | Reached skill level 3 in Invocations
  1924 | D:6      | Found a blossoming altar of Fedhas.
  1924 | D:6      | Found an ancient bone altar of Kikubaaqudgha.
  1937 | D:6      | Found Veaci's Food Shoppe.
  1963 | D:6      | Reached * piety under Makhleb
  1963 | D:6      | Reached XP level 8. HP: 40/73 MP: 10/10
  2123 | D:6      | Reached skill level 6 in Armour
  2123 | D:6      | Reached skill level 6 in Shields
  2558 | D:6      | Found a hide-covered altar of Uskayaw.
  2561 | D:6      | Noticed a hand axe
  2561 | D:6      | Noticed a dagger
  2882 | D:7      | Noticed Menkaure
  2891 | D:7      | Killed Menkaure
  2937 | D:7      | Noticed a hippogriff
  2948 | D:7      | Reached skill level 6 in Axes
  2959 | D:7      | Killed a hippogriff
  3064 | D:7      | Gained mutation: You passively map the area around you. [Deep Dwarf growth]
  3064 | D:7      | Reached XP level 9. HP: 34/82 MP: 11/11
  3137 | D:7      | Reached ** piety under Makhleb
  3182 | D:7      | Found a staircase to the Ecumenical Temple.
  3335 | D:8      | HP: 4/82 [killer bee (5)]
  3346 | D:8      | Reached skill level 6 in Fighting
  3354 | D:8      | Reached skill level 6 in Invocations
  3711 | D:8      | Found a sand-covered staircase.
  3743 | Ossuary  | Entered an ossuary
  3762 | Ossuary  | Reached *** piety under Makhleb
  4476 | D:9      | Reached XP level 10. HP: 75/92 MP: 10/10
  4707 | D:9      | Noticed Psyche
  4727 | D:9      | Killed Psyche
  4801 | D:9      | Found a staircase to the Lair.
  5064 | D:9      | Noticed Erolcha
  5071 | D:9      | Cast into level 2 of the Abyss (Erolcha)
  5097 | Abyss:2  | Found a corrupted altar of Lugonu.
  5114 | Abyss:3  | Found a corrupted altar of Lugonu.
  5159 | Abyss:3  | Noticed a large abomination
  5168 | Abyss:3  | Noticed a smoke demon
  5174 | Abyss:3  | Noticed a wretched star
  5176 | Abyss:3  | Killed a smoke demon
  5176 | Abyss:3  | Noticed a wretched star
  5242 | Abyss:3  | Slain by a large abomination

Vault maps used:
D:1:      minmay_arrival_glassed_features
D:2:      kennysheep_ying_yang, first_ration
D:3:      regret_index_temple_of_mockery
D:4:      grunt_temple_overflow_gold_and_silver, okawaru_trees_2,
          overflow_temple_1_default, hangedman_decor_points
D:5:      gammafunk_temple_overflow_wave, elyvilon_altar_5
D:6:      grunt_temple_overflow_growth_and_decay, dancing_weapons_uskayaw,
          serial_shops, shop
D:7:      temple_hall, grunt_ministairs_13, uniq_menkaure,
          uniq_crazy_yiuf_cottage
D:8:      nicolae_ossuary_entry_monument
D:9:      minmay_lair_entry_lava, uniq_psyche, uniq_erolcha
Abyss:3:  bh_abyss_exit_spiral, serial_sigils_hangedman_gut
Ossuary:  ossuary_kennysheep_city_of_the_dead

Skill      XL: |  1  2  3  4  5  6  7  8  9 10 |
---------------+-------------------------------+-----
Fighting       | 3 4 5 6 7 |  7.3
Axes           | 3 4 5 6 7 8 |  8.4
Armour         | 4 5 6 8 |  8.8
Shields        | 4 5 6 8 |  8.8
Invocations    | 1 3 5 7 8 |  8.5

Action                   |  1- 3 |  4- 6 |  7- 9 | 10-12 || total
-------------------------+-------+-------+-------+-------++-------
Melee: War axe           |    74 |   120 |   503 |   129 ||   826
Invok: Minor Destruction |       |       |     3 |       ||     3
 Abil: Heal Wounds       |       |     2 |    19 |     4 ||    25
  Use: Scroll            |       |     1 |    20 |     1 ||    22
       Potion            |       |       |     3 |     2 ||     5
  Eat: Chunk             |       |     1 |    12 |     3 ||    16
Armor: Scale mail        |    54 |    11 |       |       ||    65
       Chain mail        |       |    47 |   369 |   109 ||   525
Dodge: Dodged            |    25 |    31 |   177 |    43 ||   276
Block: Shield            |    55 |    67 |   415 |   107 ||   644

Table legend:
 A = Spawn XP
 B = Non-spawn XP
 C = Spawn XP percentage of total XP
 D = Spawn monster count
 E = Non-spawn monster count
 F = Spawn count percentage of total count
 G = Total turns spent on level
                    A         B        C        D         E        F      G
               +---------+---------+-------+---------+---------+-------+---------
         Total |     232 |    8662 |   2.6 |       2 |     178 |   1.1 |  5242
               +---------+---------+-------+---------+---------+-------+---------
           D:1 |       0 |      34 |   0.0 |       0 |      20 |   0.0 |   451
           D:2 |       0 |     147 |   0.0 |       0 |      12 |   0.0 |   164
           D:3 |       0 |      38 |   0.0 |       0 |       7 |   0.0 |   109
           D:4 |       0 |     348 |   0.0 |       0 |      14 |   0.0 |   510
           D:5 |       0 |     402 |   0.0 |       0 |      12 |   0.0 |   549
           D:6 |       0 |     952 |   0.0 |       0 |      21 |   0.0 |   861
           D:7 |       0 |    1080 |   0.0 |       0 |      26 |   0.0 |   642
           D:8 |       0 |    2248 |   0.0 |       0 |      32 |   0.0 |   845
           D:9 |       0 |    2379 |   0.0 |       0 |      18 |   0.0 |   600
       Abyss:3 |     232 |     778 |  23.0 |       2 |       2 |  50.0 |   131
       Ossuary |       0 |     256 |   0.0 |       0 |      14 |   0.0 |   340
               +---------+---------+-------+---------+---------+-------+---------
